 Dungeon Crawl Stone Soup version 0.31-a0-986-g5e6e4ef867 (webtiles) character file.

Game seed: 4448564102699453109

736 Fodor the Chopper (level 7, 0/60 HPs)
             Began as a Minotaur Fighter on Nov 9, 2023.
             Was an Initiate of Gozag.
             Slain by a gnoll
             ... wielding a +0 spear
             ... led by a gnoll sergeant
              (5 damage)
             ... on level 5 of the Dungeon.
             The game lasted 00:20:44 (4233 turns).

Fodor the Chopper (Minotaur Fighter)                Turns: 4233, Time: 00:20:46

Health: 0/60       AC: 10    Str: 20 (23) XL:     7   Next: 46%
Magic:  6/6        EV:  8    Int:  2 (5)  God:    Gozag
Gold:   395        SH:  4    Dex:  8 (9)  Spells: 6/6 levels left

rFire   + . .        a - +0 war axe
rCold   . . .        c - +0 buckler
rNeg    . . .        n - +0 chain mail
rPois   .            (helmet currently unavailable)
rElec   .            (cloak currently unavailable)
rCorr   .            (gloves currently unavailable)
SInv    .            (boots currently unavailable)
Will    .....        (no amulet) Stlth
                     j - ring of protection from fire
HPRegen 0.30/turn    (no ring)
MPRegen 0.10/turn

%: no passive effects
@: beast-form, gold aura, studying Necromancy
A: beast (slay +0), horns 2, retaliatory headbutt
a: Begin Untransformation, Renounce Religion, Potion Petition, Call Merchant,
Bribe Branch


You were on level 5 of the Dungeon.
You worshipped Gozag.
Gozag was aware of your devotion.
You were a hulking beast.
You visited 2 branches of the dungeon, and saw 6 of its levels.

You collected 449 gold pieces.
You paid 54 gold pieces to Gozag.

Inventory:

Hand Weapons
 a - a +0 war axe (weapon)
Missiles
 s - 6 boomerangs (quivered)
 u - 5 atropa-tipped darts
 x - a datura-tipped dart
Armour
 c - a +0 buckler (worn)
 n - a +0 chain mail (worn)
Jewellery
 j - a ring of protection from fire (left hand)
Talismans
 f - a flux talisman
 q - a beast talisman (active)
Wands
 k - a wand of flame (5)
 v - a wand of polymorph (9)
Scrolls
 e - a scroll of immolation {unknown}
 g - 4 scrolls of teleportation {unknown}
 l - 2 scrolls of vulnerability {unknown}
 p - 8 scrolls of identify {unknown}
 w - a scroll of noise {unknown}
Potions
 b - a potion of ambrosia {unknown}
 d - a potion of might
 h - a potion of enlightenment {unknown}
 i - a potion of degeneration
 m - a potion of resistance {unknown}
 o - a potion of curing {unknown}
 r - a potion of lignification {unknown}
 t - a potion of mutation {unknown}


   Skills:
 + Level 4.8 Fighting
 + Level 6.7 Axes
 + Level 0.5 Throwing
 + Level 6.1 Armour
 + Level 1.1 Dodging
 + Level 0.9 Stealth
 + Level 4.7 Shields
 + Level 1.2 Shapeshifting


You had 6 spell levels left.
You didn't know any spells.
Your spell library contained the following spells:

 Spells                   Type           Power      Damage    Failure   Level
 Slow                     Hex            0%         N/A       99%         1
 Confusing Touch          Hex            0%         N/A       100%        3
 Sigil of Binding         Hex            0%         N/A       100%        3
 Vampiric Draining        Necr           0%         2d6       100%        3
 Volatile Blastmotes      Fire/Tloc      0%         2d10      100%        3
 Fulminant Prism          Conj/Hex       0%         3d5       100%        4
 Iskenderun's Mystic Bla  Conj/Tloc      0%         2d3       100%        4


Dungeon Overview and Level Annotations

Branches:
Dungeon (5/15)             Temple (1/1) D:4

Altars:
Ashenzari
Dithmenos
Elyvilon
Fedhas
Gozag
Hepliaklqana
Kikubaaqudgha
Makhleb
Okawaru
Qazlal
Ru
Sif Muna
Trog
Uskayaw
Vehumet
Wu Jian
Xom
Zin

Shops:
D:2 =   D:3 :   D:4 (

Annotations:
D:2 1 runed translucent door, Crazy Yiuf


Innate Abilities, Weirdness & Mutations

You are a hulking beast.
Your limbs bulge with bestial killing power. (Slay +0)
You have a pair of horns on your head.
You reflexively headbutt those who attack you in melee.


Message History

You barely miss the gnoll sergeant.
Your headbutt misses the gnoll sergeant.
You hit the gnoll.
The gnoll sergeant hits you with a +0 spear.
The gnoll hits you but does no damage.
The gnoll hits you from afar with a +0 spear.
The gnoll sergeant blocks your attack.
You closely miss the gnoll.
The gnoll sergeant hits you with a +0 spear.
The gnoll hits you but does no damage. The gnoll completely misses you. x2
The gnoll sergeant blocks your attack.
You hit the gnoll but do no damage.
The gnoll sergeant hits you with a +0 spear.
The gnoll hits you but does no damage. You block the gnoll's attack.
The gnoll closely misses you.
You closely miss the gnoll sergeant.
Your headbutt misses the gnoll sergeant.
You completely miss the gnoll. You block the gnoll sergeant's attack.
The gnoll hits you from afar with a +0 spear.
The gnoll hits you but does no damage. The gnoll hits you with a +0 flail.
* * * LOW HITPOINT WARNING * * *
You closely miss the gnoll sergeant. You hit the gnoll.
The gnoll sergeant hits you with a +0 spear.
* * * LOW HITPOINT WARNING * * *
The gnoll hits you from afar with a +0 spear.
* * * LOW HITPOINT WARNING * * *
The gnoll hits you but does no damage. You block the gnoll's attack.
The gnoll sergeant blocks your attack.
You slash the gnoll!
You kill the gnoll!
The gnoll sergeant hits you but does no damage.
The gnoll closely misses you. The gnoll hits you but does no damage.
The gnoll closely misses you.
The gnoll sergeant hits you with a +0 spear.
* * * LOW HITPOINT WARNING * * *
The gnoll closely misses you.
It was a potion of degeneration.
There was something very wrong with that liquid.
You feel weakened.
You feel dopey.
You feel clumsy. The gnoll completely misses you.
The gnoll hits you from afar with a +0 spear.
You die...
Your body crumbles into a pile of gold.

#.######.##########......
#.### #.# #...... #.#..
... ##..... #.#.####.####
#....... #.#.#..)....#
##...... #.#.#.##.##.#
##..... #.#.#.#...#.#.###
#..... #......._$......#
###... ###.#.#gh$#.#.#.#
...# #.#.##.##.#
#.#..gg...# #.####.####
#.. ... ### #.# #.. ###


You could see a gnoll sergeant and 2 gnolls.

Vanquished Creatures
  Duvessa (D:5)
  A black bear (D:4)
  Dowan (D:5)
  2 jellies
  A hound (D:5)
  A sleepcap (D:5)
  Jessica (D:2)
  4 iguanas
  An orc wizard (D:4)
  8 adders
  3 gnolls
  A shadow imp (D:4)
  An ufetubus (D:5)
  5 worms
  3 dart slugs
  5 orcs
  8 ball pythons
  4 bats
  8 endoplasms
  6 giant cockroaches
  10 hobgoblins
  2 jackals (D:4)
  6 kobolds
  A quokka (D:1)
  8 goblins
  5 rats
97 creatures vanquished.

Vanquished Creatures (collateral kills)
  An ufetubus (D:5)
  2 orcs (D:5)
3 creatures vanquished.

Grand Total: 100 creatures vanquished

Notes
Turn   | Place    | Note
-------+----------+-------------------------------------------
     0 | D:1      | Fodor the Minotaur Fighter began the quest for the Orb.
     0 | D:1      | Reached XP level 1. HP: 19/19 MP: 0/0
   167 | D:1      | Reached XP level 2. HP: 27/27 MP: 1/1
   766 | D:1      | Found a faded altar of an unknown god.
  1260 | D:2      | Reached XP level 3. HP: 33/33 MP: 2/2
  1417 | D:2      | Noticed Jessica
  1430 | D:2      | Killed Jessica
  1431 | D:2      | Reached XP level 4. HP: 40/40 MP: 3/3
  1620 | D:2      | Found Hisos's Jewellery Shop.
  1685 | D:2      | Found a runed translucent door.
  1686 | D:2      | Noticed Crazy Yiuf
  1917 | D:3      | Reached XP level 5. HP: 27/46 MP: 4/4
  2372 | D:3      | Found a burning altar of Makhleb.
  2589 | D:3      | Found Vadixtio's Book Shop.
  2714 | D:4      | Reached skill level 5 in Axes
  2714 | D:4      | Found a staircase to the Ecumenical Temple.
  2730 | Temple   | Entered the Ecumenical Temple
  2738 | Temple   | Became a worshipper of Gozag Ym Sagoz the Greedy
  2853 | D:4      | Reached skill level 5 in Armour
  2853 | D:4      | Reached XP level 6. HP: 43/53 MP: 5/5
  3058 | D:4      | Reached skill level 1 in Dodging
  3253 | D:4      | Found Utaunoeg's Antique Weapon Shoppe.
  3855 | D:5      | Entered Level 5 of the Dungeon
  3889 | D:5      | Reached skill level 1 in Shapeshifting
  3939 | D:5      | Reached XP level 7. HP: 55/60 MP: 6/6
  4030 | D:5      | Noticed Dowan
  4032 | D:5      | Noticed Duvessa
  4042 | D:5      | Killed Duvessa
  4049 | D:5      | Killed Dowan
  4209 | D:5      | Found a sacrificial altar of Ru.
  4233 | D:5      | Slain by a gnoll

Illustrated notes

Levels and vault maps discovered:
D:1:      dpeg_arrival_long_road, layout_basic, basic_ecumenical_altar,
          roderic_roman_lattice, kennysheep_crisscross
D:2:      layout_rooms, serial_shops, shop, minmay_split_cup_large,
          uniq_jessica, uniq_crazy_yiuf_cottage
D:3:      layout_basic, mainiacjoe_overflow_alcove_4, serial_shops, shop,
          minmay_quadrilaterals
D:4:      layout_basic, minmay_temple_entry_grid, serial_shops,
          nicolae_shop_peninsula, minmay_vboxes
D:5:      layout_cave_pools, nicolae_ru_sacrificial_ziggurat, uniq_duvessa
Temple:   lightli_temple_of_artemis

Skill      XL: |  1  2  3  4  5  6  7 |
---------------+----------------------+-----
Armour         | 4 5 6 |  6.1
Axes           | 3 4 5 6 |  6.7
Fighting       | 4 |  4.8
Shields        | 4 |  4.7
Dodging        | 1 |  1.1
Shapeshifting  | 1 |  1.2
Throwing       | |  0.5
Stealth        | |  0.9

Action                     |  1- 3 |  4- 6 |  7- 9 || total
---------------------------+-------+-------+-------++-------
  Melee: War axe           |    49 |   113 |    19 ||   181
         Headbutt          |     8 |    18 |     1 ||    27
  Throw: Dart              |       |     5 |     2 ||     7
         Boomerang         |       |       |     4 ||     4
    Use: Potion            |       |       |     1 ||     1
 Armour: Scale mail        |    31 |    28 |       ||    59
         Chain mail        |       |    79 |    35 ||   114
  Dodge: Dodged            |    22 |    60 |    16 ||    98
  Block: Buckler           |     8 |    25 |     8 ||    41
   Form: Beast             |       |     1 |       ||     1

Table legend: (Time is in decaauts)
 A = Elapsed time spent in this place.
 B = Non-inter-level travel time spent in this place.
 C = Inter-level travel time spent in this place.
 D = Time resting spent in this place.
 E = Time spent auto-exploring this place.
 F = Levels seen in this place.
 G = Mean time per level.
                   A        B        C        D        E       F      G
               +--------+--------+--------+--------+--------+-----+--------+
         Total |   4287 |   4000 |    287 |    689 |      0 |   6 |  714.5 |
       Dungeon |   4271 |   3984 |    287 |    689 |      0 |   5 |  854.2 |
        Temple |     16 |     16 |      0 |      0 |      0 |   1 |   16.0 |
               +--------+--------+--------+--------+--------+-----+--------+

Top non-repeatable levels by time:
     D:1: 1243 daAuts
     D:4: 1147 daAuts
     D:3: 881 daAuts
     D:2: 613 daAuts
     D:5: 385 daAuts
  Temple: 16 daAuts
